 Dungeon Crawl Stone Soup version 0.31-a0-167-g1c394c0614 (webtiles) character file.

Game seed: 3344478694967091771

68 qw the Shooter (level 4, 0/39 HPs)
             Began as a Naga Hunter on June 14, 2023.
             Slain by Terence
             ... wielding a +0 hand axe
              (6 damage)
             ... on level 3 of the Dungeon.
             The game lasted 00:00:31 (1501 turns).

qw the Shooter (Naga Hunter)                        Turns: 1501, Time: 00:00:32

Health: 0/39       AC:  2    Str: 14    XL:     4   Next: 19%
Magic:  4/4        EV:  9    Int:  9    God:
Gold:   28         SH:  0    Dex: 16    Spells: 3/3 levels left

rFire   . . .        e - +0 shortbow (heavy)
rCold   . . .        (shield currently unavailable)
rNeg    . . .        c - +0 leather armour
rPois   +            (no helmet)
rElec   .            (no cloak)
rCorr   .            (no gloves)
SInv    +            (no barding)
Will    .....        (no amulet)
Stlth   ++           (no ring)
HPRegen 0.26/turn    (no ring)
MPRegen 0.09/turn

%: no passive effects
@: short of breath, very slow
A: AC +1, large, see invisible, deformed body, poison resistance, slowness 2,
spit poison 1, naga tail 1
a: Spit Poison


You were on level 3 of the Dungeon.
You visited 1 branch of the dungeon, and saw 3 of its levels.

You collected 119 gold pieces.
You spent 91 gold pieces at shops.


Innate Abilities, Weirdness & Mutations

Your serpentine skin is tough. (AC +1)
You have supernaturally acute eyesight. (SInv)
Armour fits poorly on your strangely shaped body.
Your system is resistant to poisons. (rPois)
You cover ground very slowly.
You can spit poison.
You have a snake-like lower body.


   Skills:
 + Level 2.2 Fighting
 - Level 5.0 Ranged Weapons
 - Level 1.5 Dodging
 - Level 1.5 Stealth


You had 3 spell levels left.
You didn't know any spells.
Your spell library was empty.

Inventory:

Hand Weapons
 e - a +0 heavy shortbow (weapon)
Armour
 c - a +0 leather armour (worn)
Scrolls
 d - 4 scrolls of identify
Potions
 b - a potion of curing
 h - a potion of mutation

Dungeon Overview and Level Annotations

Branches:
Dungeon (3/15)

Altars:
Ashenzari

Shops:
D:2 *?*[

Annotations:
D:3 Terence


Message History

You now have enough gold to buy a scroll of identify on D:2.
You can access your shopping list by pressing '$'.
You now have 28 gold pieces (gained 9).
You see here a staff of fire.
Terence the Incautious comes into view.
He is wielding a +0 hand axe.
You shoot an arrow.
The arrow hits Terence but does no damage.
Terence shouts!
1494 ||| INVOKING Spit Poison.
Aiming: Spit Poison (1% risk of failure)
Press: ? - help, Shift-Dir - straight line, f/p - Terence The splash of poison hits Terence.
Terence is lightly wounded.
You shoot an arrow.
The arrow hits Terence but does no damage.
Terence is lightly wounded.
You shoot an arrow. The arrow barely misses Terence.
Terence hits you with a +0 hand axe.
You shoot an arrow. The arrow hits Terence.
Terence is lightly wounded.
Terence hits you with a +0 hand axe.
You shoot an arrow. The arrow barely misses Terence.
You have got your breath back.
Terence hits you with a +0 hand axe! Terence hits you with a +0 hand axe.
1499 ||| INVOKING Spit Poison.
Aiming: Spit Poison (1% risk of failure)
Press: ? - help, Shift-Dir - straight line, f/p - Terence The splash of poison hits Terence but does no damage.
Terence is poisoned.
Terence is lightly wounded.
Terence hits you with a +0 hand axe.
You shoot an arrow.
The arrow hits Terence but does no damage.
Terence is lightly wounded.
Terence hits you with a +0 hand axe. Terence hits you with a +0 hand axe!
You shoot an arrow.
The arrow hits Terence but does no damage.
Terence is lightly wounded.
Terence looks more healthy.
Terence hits you with a +0 hand axe.
You die...

#....##.........
#....##.....###
#....##.....#
#....##.....#
#....##.....#
#....##....|#
....##.....######
................#
......@@........#
.......##.......#
....... #########
###.... #....
#.... #.... #####


You could see Terence.

Vanquished Creatures
  2 adders (D:2)
  A dart slug (D:2)
  5 ball pythons
  7 bats
  2 endoplasms (D:1)
  A giant cockroach (D:2)
  3 goblins
  3 hobgoblins (D:2)
  4 jackals (D:1)
  4 quokkas
  2 frilled lizards (D:1)
  8 kobolds
  2 rats (D:1)
44 creatures vanquished.

Notes
Turn   | Place    | Note
-------+----------+-------------------------------------------
     0 | D:1      | qw the Naga Hunter began the quest for the Orb.
     0 | D:1      | Reached XP level 1. HP: 19/19 MP: 1/1
     0 | D:1      | 0 ||| qw: Version: 0.2-a-29-g1fa15c8
     0 | D:1      | 0 ||| qw: Game counter: 5018
     0 | D:1      | 0 ||| qw: Always use a shield: true
     0 | D:1      | 0 ||| qw: God list: Okawaru
     0 | D:1      | 0 ||| qw: Allow faded altars: false
     0 | D:1      | 0 ||| qw: Do Orc after D:15 true
     0 | D:1      | 0 ||| qw: Do second Lair branch before Depths: true
     0 | D:1      | 0 ||| qw: Lair rune preference: random
     0 | D:1      | 0 ||| qw: Plans: Normal
     0 | D:1      | 0 ||| PLANNING D:1-11
    15 | D:1      | 15 ||| INVOKING Spit Poison.
   103 | D:1      | 103 ||| INVOKING Spit Poison.
   119 | D:1      | 119 ||| INVOKING Spit Poison.
   128 | D:1      | 128 ||| INVOKING Spit Poison.
   134 | D:1      | Reached skill level 4 in Ranged Weapons
   134 | D:1      | Reached XP level 2. HP: 21/26 MP: 2/2
   134 | D:1      | 134 ||| INVOKING Spit Poison.
   138 | D:1      | 138 ||| INVOKING Spit Poison.
   220 | D:1      | 220 ||| INVOKING Spit Poison.
   251 | D:1      | 251 ||| INVOKING Spit Poison.
   284 | D:1      | 284 ||| INVOKING Spit Poison.
   306 | D:1      | 306 ||| INVOKING Spit Poison.
   323 | D:1      | 323 ||| INVOKING Spit Poison.
   326 | D:1      | Reached XP level 3. HP: 32/32 MP: 3/3
   389 | D:1      | 389 ||| INVOKING Spit Poison.
   577 | D:1      | 577 ||| READING scroll labelled WUVEIWI VUYT.
   578 | D:1      | 578 ||| READING 2 scrolls labelled WITHUE XOUN.
   579 | D:1      | 579 ||| READING scroll labelled ADWINL DOIT.
   580 | D:1      | 580 ||| READING scroll labelled INIARU UMUAMP.
   581 | D:1      | 581 ||| DROPPING scroll of butterflies.
   582 | D:1      | 582 ||| DROPPING scroll of fear.
   614 | D:2      | 614 ||| INVOKING Spit Poison.
   625 | D:2      | Found Cuokyc's General Store.
   628 | D:2      | 628 ||| BUYING potion of curing (39 gold).
   628 | D:2      | Bought a potion of curing for 39 gold pieces
   628 | D:2      | 628 ||| BUYING scroll of identify (26 gold).
   628 | D:2      | Bought a scroll of identify for 26 gold pieces
   678 | D:2      | 678 ||| INVOKING Spit Poison.
   716 | D:2      | Found a broken altar of Ashenzari.
   719 | D:2      | 719 ||| INVOKING Spit Poison.
   728 | D:2      | 728 ||| INVOKING Spit Poison.
   732 | D:2      | 732 ||| INVOKING Spit Poison.
   761 | D:2      | 761 ||| INVOKING Spit Poison.
   850 | D:2      | Noticed a floating eye
   856 | D:2      | Found a faded altar of an unknown god.
   858 | D:2      | Noticed an eye of devastation
   858 | D:2      | Noticed a shining eye
   858 | D:2      | Noticed a golden eye
   934 | D:2      | Found Fuezxuomp's General Store.
   942 | D:2      | 942 ||| SHOPLISTING potion of haste (100 gold, have 37).
   942 | D:2      | 942 ||| SHOPLISTING scroll of enchant armour (75 gold, have
                  | 37).
   947 | D:2      | 947 ||| INVOKING Spit Poison.
   952 | D:2      | 952 ||| INVOKING Spit Poison.
   959 | D:2      | Found Laeteowe's Armour Boutique.
   962 | D:2      | 962 ||| SHOPLISTING +0 helmet (58 gold, have 44).
   962 | D:2      | 962 ||| SHOPLISTING +0 pair of gloves (58 gold, have 44).
   962 | D:2      | 962 ||| SHOPLISTING +5 ring mail "Inon" {-Tele rC+ Will++
                  | Regen+} (650 gold, have 44).
   977 | D:2      | 977 ||| INVOKING Spit Poison.
   981 | D:2      | 981 ||| INVOKING Spit Poison.
   985 | D:2      | 985 ||| INVOKING Spit Poison.
   986 | D:2      | Reached skill level 5 in Ranged Weapons
   986 | D:2      | Reached XP level 4. HP: 35/39 MP: 4/4
  1005 | D:2      | 1005 ||| INVOKING Spit Poison.
  1010 | D:2      | 1010 ||| INVOKING Spit Poison.
  1085 | D:2      | Found Xeruokashru's Magic Scroll Shop.
  1092 | D:2      | 1092 ||| SHOPLISTING 2 scrolls of teleportation (78 gold,
                  | have 45).
  1092 | D:2      | 1092 ||| SHOPLISTING scroll of enchant armour (97 gold,
                  | have 45).
  1092 | D:2      | 1092 ||| BUYING scroll of identify (26 gold).
  1092 | D:2      | Bought a scroll of identify for 26 gold pieces
  1092 | D:2      | 1092 ||| SHOPLISTING scroll of identify (26 gold, have 19).
  1092 | D:2      | 1092 ||| SHOPLISTING scroll of teleportation (39 gold, have
                  | 19).
  1111 | D:2      | 1111 ||| INVOKING Spit Poison.
  1243 | D:2      | 1243 ||| INVOKING Spit Poison.
  1308 | D:2      | 1308 ||| READING scroll labelled PAEGAI KUKE.
  1409 | D:2      | 1409 ||| READING scroll labelled XONEFOIJIFF.
  1414 | D:2      | 1414 ||| READING scroll labelled IGOLUCZ WOIP.
  1415 | D:2      | 1415 ||| READING scroll labelled YSIEVVUO LUCI.
  1416 | D:2      | 1416 ||| READING 5 scrolls of identify.
  1416 | D:2      | 1416 ||| IDENTIFYING metallic emerald potion
  1447 | D:3      | 1447 ||| INVOKING Spit Poison.
  1464 | D:3      | 1464 ||| INVOKING Spit Poison.
  1492 | D:3      | Noticed Terence
  1494 | D:3      | 1494 ||| INVOKING Spit Poison.
  1499 | D:3      | 1499 ||| INVOKING Spit Poison.
  1500 | D:3      | HP: 5/39 [Terence/+0 hand axe (8)]
  1501 | D:3      | Slain by Terence

Levels and vault maps discovered:
D:1:      wander_arrival_fairy_ring, layout_loops_ring
D:2:      layout_basic, basic_altar, hellmonk_ecumenical_altar_watching_god,
          serial_shops, nicolae_shop_temple_entry_statues_fountains,
          nicolae_shop_tiny_real_fake_doors, nicolae_shop_tiny_real_fake_doors,
          nicolae_shop_trees
D:3:      layout_basic, uniq_terence, uniq_grinder

Skill      XL: |  1  2  3 |
---------------+----------+-----
Ranged Weapons | 4 5 |  5.0
Fighting       | |  2.2
Dodging        | |  1.5
Stealth        | |  1.5

Action                     |  1- 3 |  4- 6 || total
---------------------------+-------+-------++-------
   Fire: Shortbow          |    41 |    17 ||    58
Ability: Spit Poison       |    23 |     8 ||    31
    Use: Scroll            |     4 |     5 ||     9
 Armour: Leather armour    |     4 |     1 ||     5
  Dodge: Dodged            |     9 |     1 ||    10

Table legend:
 A = Non-vault XP
 B = Vault XP
 C = Vault XP percentage of total XP
 D = Non-vault monster count
 E = Vault monster count
 F = Vault count percentage of total count
                 A         B        C        D         E       F
            +---------+---------+-------+---------+---------+-------
      Total |      98 |       0 |   0.0 |      44 |       0 |   0.0
            +---------+---------+-------+---------+---------+-------
        D:1 |      38 |       0 |   0.0 |      22 |       0 |   0.0
        D:2 |      56 |       0 |   0.0 |      20 |       0 |   0.0
        D:3 |       4 |       0 |   0.0 |       2 |       0 |   0.0
            +---------+---------+-------+---------+---------+-------
